 Dungeon Crawl Stone Soup version 0.24.1-8-ga250c9d538 (webtiles) character file.

Game seed: 2154051065578420177, levelgen mode: deterministic

8516 fexx the Carver (level 11, -4/90 HPs)
             Began as a Minotaur Berserker on May 1, 2020.
             Was an Elder of Trog.
             Slain by a blink frog (15 damage)
             ... on level 1 of the Lair of Beasts.
             The game lasted 00:45:26 (8425 turns).

fexx the Carver (Minotaur Berserker)                Turns: 8425, Time: 00:45:26

Health: -4/90      AC: 11    Str: 26    XL:     11   Next: 10%
Magic:  19/19      EV: 17    Int:  4    God:    Trog [****..]
Gold:   357        SH:  0    Dex: 19    Spells: 10/10 levels left

rFire    . . .     SeeInvis +   d - +6 whip of Sunlight {drain, *Contam rElec rC- Dex+10}
rCold    x . .     Gourm    .   (no shield)
rNeg     . . .     Faith    .   w - +0 scale mail
rPois    .         Spirit   .   (helmet restricted)
rElec    +         Reflect  .   n - +0 cloak
rCorr    .         Harm     +   J - +0 pair of gloves
MR       .....                  (no boots)
Stlth    ..........             I - amulet of harm
HPRegen  0.25/turn              f - ring of magical power
MPRegen  0.16/turn              p - ring of see invisible

@: berserk cooldown, slowed, very slow
A: retaliatory headbutt, horns 2, frail 1
a: Berserk, Trog's Hand, Brothers in Arms, Renounce Religion


You were on level 1 of the Lair of Beasts.
You worshipped Trog.
Trog was greatly pleased with you.
You were hungry.

You visited 2 branches of the dungeon, and saw 9 of its levels.

You collected 357 gold pieces.

Inventory:

Hand Weapons
 d - the +6 whip of Sunlight (weapon) {drain, *Contam rElec rC- Dex+10}
   (You took it off a big kobold on level 5 of the Dungeon)

   A truly terrible weapon, it drains the life of those it strikes.
   It affects your dexterity (+10).
   It makes you vulnerable to cold.
   It insulates you from electricity.
   It causes magical contamination when unequipped.
 Q - a +2 scimitar of holy wrath
 U - a +0 lajatang
 X - a +4 scimitar of flaming
Missiles
 e - 297 stones
 i - 109 arrows
 j - 7 poisoned darts
 v - 89 sling bullets
 x - 5 boomerangs (quivered)
 G - 5 curare-tipped darts
 M - 6 atropa-tipped darts
 N - 5 silver boomerangs
Armour
 h - a +0 leather armour
 n - a +0 cloak (worn)
 t - a scarf of cloud immunity
 w - a +0 scale mail (worn)
 y - a +0 ring mail
 A - a +0 ring mail
 C - a +3 leather armour
 E - a +0 ring mail
 J - a +0 pair of gloves (worn)
Jewellery
 f - a ring of magical power (left hand)
 p - a ring of see invisible (right hand)
 s - an uncursed ring of teleportation
 I - an amulet of harm (around neck)
 K - an uncursed ring of attention
Wands
 B - a wand of scattershot (5)
 H - a wand of random effects (17)
 O - a wand of disintegration (12)
 W - a wand of iceblast (12)
Scrolls
 g - 6 scrolls of remove curse
 l - 3 scrolls of identify
 q - 2 scrolls of magic mapping {unknown}
 u - 3 scrolls of fog
 F - 3 scrolls of teleportation
 L - a scroll of enchant weapon {unknown}
 P - a scroll of immolation {unknown}
 R - a scroll of enchant armour {unknown}
 S - a scroll of vulnerability {unknown}
Potions
 m - a potion of agility
 z - a potion of flight {unknown}
 D - a potion of lignification
 T - 2 potions of cancellation {unknown}
 Y - a potion of haste
 Z - a potion of invisibility
Comestibles
 a - 2 chunks of flesh
 c - 7 rations


   Skills:
 + Level 10.2 Fighting
 + Level 10.3 Long Blades
 + Level 7.5 Maces & Flails
 + Level 9.9 Armour
 + Level 9.1 Dodging


You had 10 spell levels left.
You didn't know any spells.
Your spell library was empty.

Dungeon Overview and Level Annotations

Branches:
Dungeon (8/15)             Temple (0/1) D:6            Lair (1/6) D:8

Altars:
Cheibriados
Dithmenos
Elyvilon
Gozag
Hepliaklqana
Makhleb
Nemelex Xobeh
Qazlal
Trog
Uskayaw
Vehumet
Wu Jian
Zin

Portals:
Gauntlet: Lair:1


Innate Abilities, Weirdness & Mutations

You reflexively headbutt those who attack you in melee.
You have a pair of horns on your head.
You are frail. (-10% HP)


Message History

You feel better.
Throwing (i - inventory. (/) - cycle)
x - 5 boomerangs (quivered)
Press: ? - help, Shift-Dir - straight line, f - spiny frog
Aim: a spiny frog You throw a boomerang.
The boomerang hits the spiny frog.
The spiny frog is lightly wounded.
The spiny frog stings you!
* * * LOW HITPOINT WARNING * * *
The blink frog barely misses you.
You hit the spiny frog. You drain the spiny frog.
Your headbutt misses the spiny frog.
The spiny frog is lightly wounded.
The spiny frog stings you!
* * * LOW HITPOINT WARNING * * *
The blink frog hits you.
* * * LOW HITPOINT WARNING * * *
You feel better. The spiny frog stings you.
* * * LOW HITPOINT WARNING * * *
The blink frog hits you!
You die...

#.###.....
##......#. ........
#. #......#
#.#####..#.#.#
#.##.....#.P.####.
##...............∩.
#......[..F........
##...#....@F.†......
#....#.....###.#..##
##......#..## ......
#.......P..#. ......
#..............
.....
#...†..........
.....
##..............
....
####.#÷......####..
#.#..÷..[.##.# #.


You could see a spiny frog and a blink frog.

Vanquished Creatures
  Erica (D:8)
  A two-headed ogre (D:8)
  Pikel (D:8)
  The ghost of mandor the Fighter, a novice GnWn of Nemelex Xobeh (D:5)
  2 spiny frogs (Lair:1)
  Grinder (D:5)
  Prince Ribbit (D:6)
  4 blink frogs (Lair:1)
  A wyvern (D:8)
  Grum (D:8)
  Duvessa (D:6)
  An ice beast (D:7)
  A black bear (D:7)
  A hornet zombie (D:8)
  A sky beast (D:8)
  A slave (D:8)
  A phantom (D:8)
  5 ogres
  2 centaurs
  7 wolves
  A crocodile (Lair:1)
  4 big kobolds
  3 bullfrogs (D:6)
  A scorpion (D:6)
  Dowan (D:6)
  15 killer bees
  3 crimson imps
  2 jellies
  6 hounds
  2 orc priests (D:5)
  8 orc wizards
  Jessica (D:3)
  2 iguanas
  Ijyb (D:4)
  6 worker ants
  A howler monkey zombie (D:6)
  9 adders
  7 gnolls (D:4)
  A shadow imp (D:5)
  5 dart slugs
  3 leopard geckos
  21 orcs
  8 giant cockroaches
  4 goblins
  13 hobgoblins
  4 jackals (D:4)
  17 kobolds
  4 quokkas
  2 ball pythons
  4 bats
  6 frilled lizards
  2 giant cockroach zombies
  2 leopard gecko zombies
  2 quokka skeletons
  13 rats
  A fungus (D:5)
  A plant (D:5)
221 creatures vanquished.

Vanquished Creatures (collateral kills)
  The ghost of jaiteiro the Blocker, a novice GrFi of Hepliaklqana (D:8)
1 creature vanquished.

Vanquished Creatures (others)
  3 slaves (D:8)
  An orc wizard (D:8)
  An orc (D:8)
  A fungus (D:5)
  A plant (D:5)
7 creatures vanquished.

Grand Total: 229 creatures vanquished

Notes
Turn   | Place    | Note
-------+----------+-------------------------------------------
     0 | D:1      | fexx the Minotaur Berserker began the quest for the Orb.
     0 | D:1      | Reached XP level 1. HP: 19/19 MP: 0/0
     6 | D:1      | Noticed a black bear
     6 | D:1      | Noticed a swamp worm
     7 | D:1      | Noticed a killer bee
     7 | D:1      | Noticed an anaconda
   123 | D:1      | Reached XP level 2. HP: 19/27 MP: 1/1
   556 | D:1      | Reached XP level 3. HP: 23/33 MP: 2/2
   566 | D:1      | Reached ** piety under Trog
   998 | D:2      | Found a hazy altar of Hepliaklqana.
  1293 | D:2      | Found a faded altar of an unknown god.
  1519 | D:2      | Reached XP level 4. HP: 40/40 MP: 3/3
  1792 | D:2      | Found a radiant altar of Vehumet.
  1929 | D:2      | Found a burning altar of Makhleb.
  2871 | D:3      | Noticed Jessica
  2875 | D:3      | Killed Jessica
  2875 | D:3      | Reached XP level 5. HP: 44/47 MP: 4/4
  3243 | D:4      | Noticed Ijyb
  3254 | D:4      | Reached skill level 5 in Long Blades
  3256 | D:4      | Killed Ijyb
  3256 | D:4      | Reached *** piety under Trog
  3256 | D:4      | Reached skill level 5 in Fighting
  3474 | D:4      | Reached XP level 6. HP: 50/56 MP: 5/5
  3494 | D:4      | Found an ornate altar of the Wu Jian Council.
  3502 | D:4      | Found a burning altar of Makhleb.
  3668 | D:4      | Found an opulent altar of Gozag.
  4077 | D:5      | Entered Level 5 of the Dungeon
  4189 | D:5      | Found a runed translucent gate.
  4205 | D:5      | Found a runed translucent gate.
  4205 | D:5      | Found a runed translucent gate.
  4206 | D:5      | Identified the +6 whip of Sunlight {drain, *Contam rElec
                  | rC- Dex+10}
  4264 | D:5      | Noticed mandor's ghost (novice GnWn)
  4277 | D:5      | Reached skill level 5 in Armour
  4277 | D:5      | Reached XP level 7. HP: 62/62 MP: 6/6
  4389 | D:5      | Noticed Grinder
  4398 | D:5      | Paralysed by Grinder for 4 turns
  4409 | D:5      | Killed Grinder
  4409 | D:5      | Reached skill level 5 in Dodging
  4577 | D:5      | Found a white marble altar of Elyvilon.
  4811 | D:5      | Reached XP level 8. HP: 71/71 MP: 7/7
  5180 | D:5      | Found a snail-covered altar of Cheibriados.
  5180 | D:5      | Found a sparkling altar of Nemelex Xobeh.
  5181 | D:5      | Found a stormy altar of Qazlal.
  5181 | D:5      | Found a glowing silver altar of Zin.
  5455 | D:5      | Reached skill level 1 in Maces & Flails
  5584 | D:5      | Killed mandor's ghost
  5681 | D:6      | Found a staircase to the Ecumenical Temple.
  5725 | D:6      | Noticed Dowan
  5728 | D:6      | Noticed Duvessa
  5733 | D:6      | Killed Dowan
  5733 | D:6      | Reached **** piety under Trog
  5741 | D:6      | Killed Duvessa
  5741 | D:6      | Reached XP level 9. HP: 80/80 MP: 8/8
  5967 | D:6      | Noticed Prince Ribbit
  5973 | D:6      | Killed Prince Ribbit
  6592 | D:7      | Gained mutation: You are frail. (-10% HP) [mutagenic glow]
  6603 | D:7      | Noticed a moth of wrath
  6605 | D:7      | Found a bloodstained altar of Trog.
  7287 | D:8      | Reached skill level 5 in Maces & Flails
  7309 | D:8      | Noticed Pikel
  7318 | D:8      | Killed Pikel
  7318 | D:8      | Reached XP level 10. HP: 81/81 MP: 9/9
  7318 | D:8      | Noticed Grum
  7343 | D:8      | Killed Grum
  7425 | D:8      | Found a staircase to the Lair.
  7427 | D:8      | Found a large runed translucent door.
  7427 | D:8      | Found a large runed translucent door.
  7486 | D:8      | Noticed jaiteiro's ghost (novice GrFi)
  7504 | D:8      | Killed jaiteiro's ghost
  7777 | D:8      | Noticed Erica
  7779 | D:8      | Noticed a two-headed ogre
  7788 | D:8      | Killed Erica
  7793 | D:8      | Killed a two-headed ogre
  7913 | D:8      | Found a shadowy altar of Dithmenos.
  7914 | D:8      | Found a hide-covered altar of Uskayaw.
  8307 | Lair:1   | Entered Level 1 of the Lair of Beasts
  8323 | Lair:1   | Reached skill level 10 in Long Blades
  8324 | Lair:1   | Reached skill level 10 in Fighting
  8335 | Lair:1   | Noticed a spiny frog
  8341 | Lair:1   | Killed a spiny frog
  8393 | Lair:1   | Found a gate leading to a gauntlet.
  8398 | Lair:1   | Noticed a spiny frog
  8401 | Lair:1   | Reached XP level 11. HP: 89/89 MP: 10/10
  8425 | Lair:1   | Slain by a blink frog

Levels and vault maps discovered:
D:1:      onia_arrival_zoo_common, layout_basic, minmay_liquid_box,
          minmay_misc_feat_room, minmay_hexomino_c4
D:2:      layout_loops_ring, lightli_temple_of_fire, lemuel_round_altar,
          old_standard_altar, first_ration, chequers_ecumenical_altar_twisty,
          nrook_mini_backslash
D:3:      layout_rooms, small_statue_intersection, feat_on_display, uniq_jessica
D:4:      layout_loops_cross, lemuel_doored_altar, lemuel_crystal_altar,
          chequers_serial_rivers_large_b, bloody_makhleb, uniq_ijyb
D:5:      layout_basic, lemuel_crystal_altar, grunt_temple_overflow_cloverleaf,
          gammafunk_ghost_nasty_kobolds, uniq_grinder
D:6:      layout_cave_pools, minmay_temple_entry_stoned_glass,
          uniq_prince_ribbit1, uniq_duvessa
D:7:      layout_basic, tgw_trog
D:8:      layout_loops_cross, gammafunk_temple_overflow_statue,
          lair_entry_dummy, ebering_ghost_disaster_area, uniq_pikel, uniq_grum,
          uniq_erica
Lair:1:   layout_gridlike, gauntlet_entry_generic, st_stairs_7,
          nicolae_quartered_pool_little

Skill      XL: |  1  2  3  4  5  6  7  8  9 10 |
---------------+-------------------------------+-----
Fighting       | 4 5 6 7 8 10 | 10.2
Long Blades    | 4 5 6 7 9 10 | 10.3
Armour         | 3 4 5 6 7 8 9 |  9.9
Dodging        | 3 4 5 6 7 9 |  9.1
Maces & Flails | 3 5 7 |  7.5

Action                   |  1- 3 |  4- 6 |  7- 9 | 10-12 || total
-------------------------+-------+-------+-------+-------++-------
Melee: Falchion          |    84 |   121 |    76 |       ||   281
       Headbutt          |    19 |    28 |    53 |    26 ||   126
       Whip              |       |       |   113 |   106 ||   219
Throw: Stone             |     8 |    13 |     3 |       ||    24
       Boomerang         |       |       |    11 |     1 ||    12
       Dart              |       |       |     1 |       ||     1
Invok: Berserk           |     1 |     4 |     4 |     4 ||    13
       Trog's Hand       |       |       |     1 |     1 ||     2
       Brothers in Arms  |       |       |     2 |     3 ||     5
  Use: Scroll            |     2 |     4 |     1 |       ||     7
       Potion            |     1 |     2 |     6 |     2 ||    11
  Eat: Chunk             |     3 |     4 |     5 |     2 ||    14
       Ration            |       |     2 |     3 |     2 ||     7
Armor: Animal skin       |     1 |       |       |       ||     1
       Leather armour    |    12 |     5 |       |       ||    17
       Scale mail        |       |    41 |    76 |    28 ||   145
Dodge: Dodged            |    44 |   101 |   129 |    82 ||   356
       Rpst.: Falchion   |     7 |    25 |    17 |       ||    49
